 Dungeon Sprint DCSS version 0.29.1-15-g9cfb28693d (webtiles) character file.

Game seed: 16855927090921842328

7400000 Groucho the Intangible (level 22, 0/148 HPs)
             Began as a Spriggan Abyssal Knight on Feb 22, 2023.
             Was the Champion of Makhleb.
             Slain by a meat berserker
             ... wielding a +9 battleaxe
              (46 damage)
             ... in the Dungeon (Sprint VIII: "Arena of Blood").
             The game lasted 00:03:47 (74 turns).

Groucho the Intangible (Spriggan Abyssal Knight)      Turns: 74, Time: 00:03:48

Health: 0/148      AC:  4    Str: 11    XL:     22   Next: 45%
Magic:  25/44      EV: 46    Int: 13    God:    Makhleb [******]
Gold:   0          SH:  0    Dex: 23    Spells: 55/55 levels left

rFire   . . .      SeeInvis +   i - +∞ Axe of Woe
rCold   . . .      Faith    .   (shield currently unavailable)
rNeg    . . .      Spirit   .   b - +0 robe
rPois   .          Reflect  .   (helmet restricted)
rElec   .          Harm     .   (no cloak)
rCorr   .          Rampage  .   (gloves unavailable)
Will    +++..      NoTele   +   (boots unavailable)
Stlth   ++........              (no amulet)
HPRegen 0.34/turn               j - +30 ring of slaying
MPRegen 0.29/turn               m - +250 ring of slaying

@: slowed, quick
A: very small, no large weapons, unfitting armour, see invisible, speed 3
a: Renounce Religion, Minor Destruction, Lesser Servant of Makhleb, Major
Destruction, Greater Servant of Makhleb


You were in the Dungeon.
You worshipped Makhleb.
Makhleb was exalted by your worship.
You visited 1 branch

Inventory:

Hand Weapons
 a - a +1 hand axe
 i - the +∞ Axe of Woe (weapon)
   (You found it in the Dungeon)
Armour
 b - a +0 robe (worn)
Jewellery
 j - a +30 ring of slaying (left hand)
 k - a +100 ring of slaying
 l - a +200 ring of slaying
 m - a +250 ring of slaying (right hand)
Scrolls
 h - a scroll of blinking
Potions
 c - a potion of curing
 d - a potion of heal wounds
 e - a potion of haste
 f - 2 potions of magic
 g - a potion of berserk rage


   Skills:
 O Level 27 Fighting
 + Level 15.9(18.6) Short Blades
 + Level 12.6(14.7) Long Blades
 O Level 27 Axes
 + Level 11.5(20.8) Maces & Flails
 + Level 11.4(20.8) Polearms
 + Level 11.4(15.1) Staves
 + Level 14.8 Ranged Weapons
 + Level 14.6 Throwing
 O Level 27 Armour
 O Level 27 Dodging
 + Level 11.6 Shields
 + Level 12.3 Unarmed Combat
 + Level 17.3 Spellcasting
 + Level 11.4 Conjurations
 + Level 17.4 Hexes
 + Level 12.4 Summonings
 + Level 13.5 Necromancy
 + Level 20.4 Translocations
 + Level 18.8 Transmutations
 + Level 12.6 Fire Magic
 + Level 12.6 Ice Magic
 + Level 13.6 Air Magic
 + Level 13.6 Earth Magic
 + Level 14.6 Poison Magic
 O Level 27 Invocations
 + Level 18.6 Evocations


You had 55 spell levels left.
You didn't know any spells.
Your spell library was empty.

Dungeon Overview and Level Annotations

Branches:
Dungeon (1/1)

Altars:
Makhleb


Innate Abilities, Weirdness & Mutations

You are very small and have problems with some larger weapons.
You are too small for most types of armour.
You have supernaturally acute eyesight. (SInv)
You cover ground extremely quickly. (Speed+++)


Message History

You hear a shout! x4
A meat berserker comes into view. It is wielding a +9 battleaxe.
You hear a shout! x4
The destroyer gestures at you while chanting.
The destroyer blinks!
A sculptor of flesh comes into view. It is wielding a +9 great sword.
You hear a shout!
A large bag of meat comes into view. It is wielding a +9 giant spiked club.
You hear a shout!
You hear two shouts!
You hear a shout! x4
Your base Short Blades skill increases to level 15!
Your base Long Blades skill increases to level 12!
Your base Maces & Flails skill increases to level 11!
Your base Polearms skill increases to level 11!
Your base Staves skill increases to level 11!
Your Ranged Weapons skill increases to level 14!
Your Throwing skill increases to level 14!
Your Shields skill increases to level 11!
Your Unarmed Combat skill increases to level 12!
Your Spellcasting skill increases to level 17!
Your Conjurations skill increases to level 11!
Your Hexes skill increases to level 17!
Your Summonings skill increases to level 12!
Your Necromancy skill increases to level 13!
Your Translocations skill increases to level 20!
Your Transmutations skill increases to level 18!
Your Fire Magic skill increases to level 12!
Your Ice Magic skill increases to level 12!
Your Air Magic skill increases to level 13!
Your Earth Magic skill increases to level 13!
Your Poison Magic skill increases to level 14!
Your Evocations skill increases to level 18! 3 bags of meat come into view.
The bag of meat shouts! x2; You hear a shout! x6
The destroyer is engulfed in blazing flames.
The destroyer hits you with a +9 vorpal great sword!!!
The destroyer bites you.
The destroyer draws strength from your injuries!
The meat berserker is engulfed in blazing flames.
The meat berserker hits you with a +9 battleaxe!!!
You die...

.z. ..... #.o
...# . #.. ...# .
..###.O ...###O.
......o###.......
...O..oO_).o.....
....#)))).#.... .
#§§§)_# . #O@☼O.#
.o..O.V§§.o...O
..z...o###......
o§###.. ...###..
o #.. ...# . #..
...# ... .....
....


You could see a destroyer, a sculptor of flesh, a large bag of meat (inner
flame), 5 meat berserkers and 9 bags of meat.

Vanquished Creatures
  A hell beast (D)
  A royal mummy (D)
  A wraith (D)
  2 vampire knights (D)
  15 ogres (D)
  3 two-headed ogres (D)
  A lich (D)
  A hydra (D)
  15 orcs (D)
  3 skeletal warriors (D)
43 creatures vanquished.

Notes
Turn   | Place    | Note
-------+----------+-------------------------------------------
     0 | D        | Found the +∞ Axe of Woe
     0 | D        | Groucho the Spriggan Abyssal Knight began the quest for the
                  | Orb.
     0 | D        | Reached XP level 1. HP: 11/11 MP: 3/3
     2 | D        | Noticed a bag of meat
     3 | D        | Fell from the grace of Lugonu
     3 | D        | Became a worshipper of Makhleb the Destroyer
     7 | D        | Noticed a meat berserker
     9 | D        | Killed a meat berserker
     9 | D        | Noticed a meat berserker
    10 | D        | Reached XP level 2. HP: 16/16 MP: 4/4
    10 | D        | Reached XP level 3. HP: 19/19 MP: 5/5
    10 | D        | Reached XP level 4. HP: 23/23 MP: 6/6
    10 | D        | Reached XP level 5. HP: 27/27 MP: 7/7
    10 | D        | Reached XP level 6. HP: 32/32 MP: 8/8
    10 | D        | Reached XP level 7. HP: 35/35 MP: 9/9
    10 | D        | Reached XP level 8. HP: 39/39 MP: 10/10
    10 | D        | Reached XP level 9. HP: 43/43 MP: 11/11
    10 | D        | Reached XP level 10. HP: 47/47 MP: 12/12
    10 | D        | Reached XP level 11. HP: 51/51 MP: 13/13
    10 | D        | Killed a bag of meat
    10 | D        | Reached * piety under Makhleb
    10 | D        | Noticed a bag of meat
    10 | D        | Noticed a bag of meat
    11 | D        | Reached skill level 27 in Dodging
    11 | D        | Reached XP level 12. HP: 56/56 MP: 14/14
    11 | D        | Noticed a bag of meat
    13 | D        | Noticed a bag of meat
    13 | D        | Noticed a meat berserker
    14 | D        | Killed a meat berserker
    14 | D        | Noticed a bag of meat
    15 | D        | Reached XP level 13. HP: 59/59 MP: 15/15
    16 | D        | Killed a bag of meat
    17 | D        | Killed a bag of meat
    17 | D        | Reached ** piety under Makhleb
    17 | D        | Noticed a meat berserker
    18 | D        | Reached XP level 14. HP: 63/63 MP: 16/16
    19 | D        | Killed a bag of meat
    20 | D        | Reached skill level 27 in Axes
    20 | D        | Reached skill level 5 in Fighting
    21 | D        | Noticed a bag of meat
    22 | D        | Noticed a bag of meat
    22 | D        | HP: 2/69 [meat berserker/+9 battleaxe (67)]
    22 | D        | Noticed a bag of meat
    23 | D        | Killed a meat berserker
    26 | D        | Noticed a large bag of meat
    28 | D        | Noticed a bag of meat
    28 | D        | Noticed a bag of meat
    28 | D        | Noticed a bag of meat
    29 | D        | Killed a large bag of meat
    29 | D        | Reached *** piety under Makhleb
    29 | D        | Killed a bag of meat
    29 | D        | Noticed a large bag of meat
    29 | D        | Noticed a bag of meat
    30 | D        | Reached skill level 15 in Invocations
    30 | D        | Reached XP level 15. HP: 30/86 MP: 17/27
    30 | D        | Killed a meat berserker
    30 | D        | Reached **** piety under Makhleb
    31 | D        | Reached skill level 15 in Fighting
    31 | D        | Reached XP level 16. HP: 34/95 MP: 17/30
    31 | D        | Noticed a sculptor of flesh
    33 | D        | Reached skill level 15 in Armour
    33 | D        | Noticed a meat berserker
    35 | D        | Noticed an eight-headed meat hydra
    36 | D        | Noticed a destroyer
    37 | D        | Reached ***** piety under Makhleb
    39 | D        | Killed a sculptor of flesh
    39 | D        | Killed a nine-headed meat hydra
    40 | D        | Reached XP level 17. HP: 108/108 MP: 18/33
    40 | D        | Noticed a sculptor of flesh
    41 | D        | Killed a large bag of meat
    42 | D        | Noticed a destroyer
    44 | D        | Reached ****** piety under Makhleb
    46 | D        | Noticed a meat berserker
    47 | D        | Killed a destroyer
    47 | D        | Killed a sculptor of flesh
    47 | D        | Noticed a tyrant
    48 | D        | Reached skill level 27 in Invocations
    48 | D        | Reached XP level 18. HP: 122/122 MP: 20/36
    48 | D        | Killed a meat berserker
    49 | D        | Noticed a tentacled monstrosity
    50 | D        | Killed a destroyer
    50 | D        | Noticed a sculptor of flesh
    51 | D        | Reached skill level 27 in Fighting
    51 | D        | Noticed a meat berserker
    52 | D        | Killed a meat berserker
    53 | D        | Reached skill level 27 in Armour
    53 | D        | Reached skill level 1 in Shields
    53 | D        | Noticed an accursed
    56 | D        | Noticed a meat berserker
    57 | D        | Noticed a meat berserker
    58 | D        | Noticed a large bag of meat
    58 | D        | Noticed a tentacled monstrosity
    58 | D        | Noticed a meat berserker
    59 | D        | Killed a sculptor of flesh
    59 | D        | Noticed a meat berserker
    60 | D        | Reached skill level 5 in Translocations
    60 | D        | Reached XP level 19. HP: 132/132 MP: 22/37
    62 | D        | Noticed a meat berserker
    62 | D        | Killed a meat berserker
    62 | D        | Killed a tyrant
    63 | D        | Reached skill level 5 in Ranged Weapons
    63 | D        | Reached skill level 5 in Throwing
    63 | D        | Reached skill level 5 in Necromancy
    63 | D        | Reached skill level 5 in Air Magic
    63 | D        | Reached skill level 5 in Earth Magic
    63 | D        | Reached skill level 5 in Poison Magic
    64 | D        | Killed a meat berserker
    64 | D        | Killed a meat berserker
    65 | D        | Reached skill level 5 in Maces & Flails
    65 | D        | Reached skill level 5 in Polearms
    65 | D        | Reached skill level 5 in Staves
    65 | D        | Reached skill level 5 in Shields
    65 | D        | Reached skill level 5 in Conjurations
    65 | D        | Reached skill level 10 in Translocations
    65 | D        | Reached skill level 10 in Transmutations
    65 | D        | Killed a meat berserker
    65 | D        | Noticed a meat berserker
    66 | D        | Reached skill level 10 in Evocations
    66 | D        | Reached XP level 20. HP: 120/137 MP: 23/38
    66 | D        | Noticed a meat berserker
    67 | D        | Killed a meat berserker
    68 | D        | Reached skill level 10 in Spellcasting
    68 | D        | Reached skill level 10 in Hexes
    68 | D        | Killed an accursed
    68 | D        | Killed a meat berserker
    68 | D        | Noticed a meat beast
    68 | D        | Noticed a dread
    68 | D        | Noticed a meat berserker
    69 | D        | Reached skill level 10 in Ranged Weapons
    69 | D        | Reached skill level 10 in Throwing
    69 | D        | Reached skill level 10 in Poison Magic
    69 | D        | Noticed a meat berserker
    69 | D        | Noticed a large bag of meat
    69 | D        | Noticed a meat berserker
    70 | D        | Killed a large bag of meat
    71 | D        | Reached skill level 10 in Necromancy
    71 | D        | Reached skill level 15 in Translocations
    71 | D        | Reached skill level 10 in Air Magic
    71 | D        | Reached skill level 10 in Earth Magic
    71 | D        | Killed a meat berserker
    71 | D        | Noticed a destroyer
    72 | D        | Reached skill level 15 in Transmutations
    72 | D        | Reached XP level 21. HP: 84/142 MP: 24/39
    72 | D        | Killed a meat beast
    73 | D        | Reached skill level 10 in Maces & Flails
    73 | D        | Reached skill level 10 in Polearms
    73 | D        | Reached skill level 10 in Staves
    73 | D        | Reached skill level 10 in Shields
    73 | D        | Reached skill level 10 in Conjurations
    73 | D        | Reached XP level 22. HP: 127/148 MP: 25/43
    73 | D        | Killed a dread
    73 | D        | Noticed a large bag of meat
    74 | D        | Reached skill level 15 in Short Blades
    74 | D        | Slain by a meat berserker

Illustrated notes

Levels and vault maps discovered:
D:        meatsprint

Skill      XL: |  1  2  3  4  5  6  7  8  9 10 11 12 13 14 15 16 17 18 19 20 21 22 |
---------------+-------------------------------------------------------------------+-----
Axes           | 17 20 24 26 27 | 27.0
Dodging        | 26 27 | 27.0
Fighting       | 13 15 20 24 27 | 27.0
Armour         | 11 14 18 22 27 | 27.0
Invocations    | 15 18 23 27 | 27.0
Short Blades   | 3 8 12 14 15 | 15.9
Long Blades    | 2 6 9 11 12 | 12.6
Maces & Flails | 2 6 8 10 11 | 11.5
Polearms       | 2 6 8 10 11 | 11.4
Staves         | 2 6 8 10 11 | 11.4
Ranged Weapons | 3 8 11 13 14 | 14.8
Throwing       | 3 7 11 13 14 | 14.6
Shields        | 2 6 9 10 11 | 11.6
Unarmed Combat | 2 6 9 11 12 | 12.3
Spellcasting   | 4 9 13 16 17 | 17.3
Conjurations   | 2 6 8 10 11 | 11.4
Hexes          | 4 9 13 16 17 | 17.4
Summonings     | 2 6 9 11 12 | 12.4
Necromancy     | 3 7 10 12 13 | 13.5
Translocations | 5 11 16 19 20 | 20.4
Transmutations | 4 10 15 17 18 | 18.8
Fire Magic     | 2 6 9 11 12 | 12.6
Ice Magic      | 2 6 9 11 12 | 12.6
Air Magic      | 3 7 10 12 13 | 13.6
Earth Magic    | 3 7 10 12 13 | 13.6
Poison Magic   | 3 8 11 13 14 | 14.6
Evocations     | 4 10 14 17 18 | 18.6

Action                   |  1- 3 |  4- 6 |  7- 9 | 10-12 | 13-15 | 16-18 | 19-21 | 22-24 || total
-------------------------+-------+-------+-------+-------+-------+-------+-------+-------++-------
Melee: Broad axe         |     1 |       |       |     2 |     6 |    15 |     9 |     1 ||    34
Armor: Robe              |       |       |       |       |       |       |     1 |       ||     1
Dodge: Dodged            |       |       |       |       |       |       |     1 |       ||     1
